 Dungeon Crawl Stone Soup version 0.30-a0-297-g0ec75d9ef4 (webtiles) character file.

Game seed: 14703783665643897380

1614 Iusername the Cleaver (level 8, -1/109 HPs)
             Began as a Minotaur Fighter on Oct 19, 2022.
             Was an Initiate of Gozag.
             Slain by a troll (3 damage)
             ... on level 6 of the Dungeon.
             The game lasted 00:06:51 (5393 turns).

Iusername the Cleaver (Minotaur Fighter)            Turns: 5393, Time: 00:06:52

Health: -1/109     AC: 24    Str: 23    XL:     8   Next: 64%
Magic:  7/7        EV:  2    Int:  5    God:    Gozag
Gold:   680        SH:  5    Dex: 10    Spells: 7/7 levels left

rFire   + . .      SeeInvis .    a - +0 war axe
rCold   + . .      Faith    .    c - +0 buckler
rNeg    . . .      Spirit   .    (body armour currently unavailable)
rPois   +          Reflect  .    (helmet currently unavailable)
rElec   +          Harm     .    (cloak currently unavailable)
rCorr   +          Rampage  .    (gloves currently unavailable)
Will    .....      NoTele   +    (boots currently unavailable)
Stlth   +.........               (no amulet)
HPRegen 0.38/turn                (no ring)
MPRegen 0.10/turn                (no ring)

@: tree-form, resistant, hasted, studying Axes, very quick
A: stationary, stasis, torment immunity, boosted hp, (horns 2), (retaliatory
headbutt)
a: Renounce Religion, Potion Petition, Call Merchant, Bribe Branch


You were on level 6 of the Dungeon.
You worshipped Gozag.
Gozag was pleased with you.
You were a tree.
You visited 1 branch of the dungeon, and saw 6 of its levels.

You collected 723 gold pieces.
You paid 43 gold pieces to Gozag.

Inventory:

Hand Weapons
 a - a +0 war axe (weapon)
Armour
 b - a +0 scale mail (melded)
 c - a +0 buckler (worn)
 j - a +0 cloak (melded)
Jewellery
 o - a ring of resist corrosion
Wands
 q - a wand of flame (11)
 t - a wand of iceblast (22)
 u - a wand of mindburst (11)
Scrolls
 f - a scroll of blinking {unknown}
 i - 2 scrolls of enchant weapon {unknown}
 k - a scroll of vulnerability {unknown}
 l - a scroll of summoning {unknown}
 n - 6 scrolls of teleportation
 p - a scroll of magic mapping {unknown}
 s - 2 scrolls of identify
 v - a scroll of fog {unknown}
Potions
 e - a potion of lignification
 h - a potion of degeneration
 m - a potion of heal wounds {unknown}


   Skills:
 + Level 7.5 Fighting
 + Level 9.0 Axes
 + Level 7.5 Armour
 + Level 7.5 Shields


You had 7 spell levels left.
You didn't know any spells.
Your spell library contained the following spells:

 Spells                   Type           Power      Damage    Failure   Level
 Magic Dart               Conj           0%         1d3       54%         1
 Necrotise                Necr           0%         1d4       54%         1
 Searing Ray              Conj           0%         2d4       69%         2
 Vampiric Draining        Necr           0%         2d6       89%         3
 Fulminant Prism          Conj/Hex       0%         3d6       100%        4
 Agony                    Necr           0%         N/A       100%        5


Dungeon Overview and Level Annotations

Branches:
Dungeon (6/15)             Temple (0/1) D:6

Altars:
Fedhas
Gozag
Hepliaklqana
Makhleb
Qazlal


Innate Abilities, Weirdness & Mutations

You are a tree.
Your roots penetrate the ground, keeping you stationary.
You cannot be teleported.
You are immune to unholy pain and torment.
Your maximum health is greatly increased.
Your equipment is partially melded.
((You have a pair of horns on your head.))
((You reflexively headbutt those who attack you in melee.))


Message History

The troll is heavily wounded.
You block the troll's attack. The troll claws you.
* * * LOW HITPOINT WARNING * * *
The troll claws you.
* * * LOW HITPOINT WARNING * * *
Aiming: Mindburst
Press: ? - help, Shift-Dir - straight line, f - troll
Aim: a troll (heavily wounded, chance to affect: 64%)
The troll struggles to resist.
Aiming: Iceblast
Press: ? - help, Shift-Dir - straight line, f/p - troll
Aim: a troll (heavily wounded)
Okay, then.
Aiming: Iceblast
Press: ? - help, Shift-Dir - straight line, p - troll
Okay, then.
Aiming: Throw Flame
Press: ? - help, Shift-Dir - straight line, f/p - troll
Aim: a troll (heavily wounded, 68% to hit)
The puff of flame misses the troll.
You block the troll's attack.
The troll claws you but does no damage. x2
You closely miss the troll.
The troll is heavily wounded.
The troll bites you but does no damage.
The troll claws you but does no damage. x2
You hit the troll but do no damage.
The troll is heavily wounded.
The troll bites you.
* * * LOW HITPOINT WARNING * * *
The troll claws you.
* * * LOW HITPOINT WARNING * * *
The troll claws you.
* * * LOW HITPOINT WARNING * * *
Okay, then.
You hit the troll.
The troll is severely wounded.
The troll bites you.
* * * LOW HITPOINT WARNING * * *
The troll claws you.
You die...
Your body crumbles into a pile of gold.

.#
##...>......#..#.....###
.####..........#.##.....#
.................##....##
..###............#.(...#
..##............########
..)...)##..######.. .#
####.#.##......#..# #.
.....#..#...####T8#$#
............####♣##?#
....#####.....')..#$
.########.#)).#8..# ##
##....#...##+##(#
#P.P..##...# #$#
####.##..#)).# ##.
##P#...#P.##)## .?#
##....>....##<# ##
...P#...#P###)#


You could see a troll.

Vanquished Creatures
  A troll (D:6)
  Sigmund (D:4)
  A water moccasin (D:6)
  A black bear (D:5)
  2 ogres
  A centaur (D:6)
  A kobold brigand (D:6)
  A bullfrog (D:4)
  A gnoll sergeant (D:5)
  2 hounds (D:5)
  A jelly (D:5)
  A gnoll bouda (D:6)
  An orc priest (D:6)
  5 iguanas
  7 adders
  15 gnolls
  A shadow imp (D:5)
  3 ufetubi
  A worm (D:4)
  6 dart slugs
  15 orcs
  7 endoplasms
  3 giant cockroaches
  6 goblins
  8 hobgoblins
  8 jackals
  13 kobolds
  6 quokkas
  5 ball pythons
  4 bats
  4 frilled lizards
  A rat (D:2)
133 creatures vanquished.

Vanquished Creatures (others)
  4 plants (D:5)
4 creatures vanquished.

Grand Total: 137 creatures vanquished

Notes
Turn   | Place    | Note
-------+----------+-------------------------------------------
     0 | D:1      | Iusername the Minotaur Fighter began the quest for the Orb.
     0 | D:1      | Reached XP level 1. HP: 19/19 MP: 0/0
   232 | D:1      | Reached XP level 2. HP: 27/27 MP: 1/1
   637 | D:2      | Found a hazy altar of Hepliaklqana.
   681 | D:2      | Reached skill level 3 in Axes
   681 | D:2      | Reached XP level 3. HP: 32/33 MP: 2/2
  1199 | D:3      | Reached XP level 4. HP: 41/41 MP: 3/3
  1627 | D:3      | Found a burning altar of Makhleb.
  1640 | D:3      | Noticed an Executioner
  1675 | D:4      | Noticed an ogre
  1687 | D:4      | Killed an ogre
  1688 | D:4      | Reached skill level 4 in Axes
  1688 | D:4      | Reached XP level 5. HP: 47/47 MP: 4/4
  1992 | D:4      | Reached skill level 5 in Fighting
  1992 | D:4      | Reached skill level 5 in Armour
  2017 | D:4      | Found an opulent altar of Gozag.
  2034 | D:4      | Became a worshipper of Gozag Ym Sagoz the Greedy
  2105 | D:4      | Reached skill level 5 in Shields
  2105 | D:4      | Reached XP level 6. HP: 44/56 MP: 5/5
  2229 | D:4      | Found a blossoming altar of Fedhas.
  2408 | D:4      | Noticed Sigmund
  2428 | D:4      | Killed Sigmund
  2429 | D:4      | Reached skill level 5 in Axes
  2946 | D:5      | Entered Level 5 of the Dungeon
  2952 | D:5      | Reached XP level 7. HP: 55/62 MP: 6/6
  3074 | D:5      | Reached skill level 6 in Axes
  3381 | D:5      | Identified the +5 quarterstaff "Killer Klown's Death"
                  | {flame, rC+}
  3842 | D:5      | Found a stormy altar of Qazlal.
  4055 | D:5      | Reached skill level 7 in Axes
  4220 | D:5      | Identified the +1 robe "Jajoll" {rPois rCorr Str+7 Dex-3}
  4285 | D:6      | Reached XP level 8. HP: 28/71 MP: 7/7
  4675 | D:6      | Noticed a troll
  4700 | D:6      | Killed a troll
  4701 | D:6      | Reached skill level 8 in Axes
  5031 | D:6      | Found a staircase to the Ecumenical Temple.
  5088 | D:6      | Reached skill level 9 in Axes
  5088 | D:6      | Noticed a hornet
  5368 | D:6      | Noticed a troll
  5392 | D:6      | HP: 4/109 [troll (2)]
  5393 | D:6      | Slain by a troll

Illustrated notes

Levels and vault maps discovered:
D:1:      heliophobic_arrival_ceremonial_halls, layout_basic
D:2:      layout_rooms, basic_altar
D:3:      layout_loops_ring, makhleb_altar_promises_db,
          dreamdust_ecumenical_altar_drowned_temple, minmay_misc_feat_x,
          grunt_ministairs_9
D:4:      layout_basic, grunt_gozag_breadcrumbs, mainiacjoe_overflow_24_doors,
          grunt_ministairs_2, uniq_sigmund
D:5:      corexii_shack_village, layout_loops_ring,
          mainiacjoe_overflow_chevrons, serial_park_tiny_1
D:6:      minmay_chambers_of_sixes, layout_rooms,
          minmay_temple_entry_gardened_gates

Skill      XL: |  1  2  3  4  5  6  7  8 |
---------------+-------------------------+-----
Armour         | 4 5 6 7 |  7.5
Fighting       | 4 5 6 7 |  7.5
Shields        | 4 5 6 7 |  7.5
Axes           | 3 4 5 7 9 |  9.0

Action                   |  1- 3 |  4- 6 |  7- 9 || total
-------------------------+-------+-------+-------++-------
Melee: War axe           |    77 |    82 |   181 ||   340
       Headbutt          |    10 |    11 |    27 ||    48
Evoke: Wand              |       |       |     2 ||     2
  Use: Scroll            |     4 |       |       ||     4
       Potion            |       |     2 |    16 ||    18
 Stab: Invisible         |       |       |     3 ||     3
       Distracted        |       |       |     1 ||     1
Armor: Scale mail        |    46 |    34 |    78 ||   158
       Skin              |       |       |     9 ||     9
Dodge: Dodged            |    42 |    24 |   101 ||   167
Block: Buckler           |    15 |    17 |    62 ||    94

Table legend: (Time is in decaauts)
 A = Elapsed time spent in this place.
 B = Non-inter-level travel time spent in this place.
 C = Inter-level travel time spent in this place.
 D = Time resting spent in this place.
 E = Time spent auto-exploring this place.
 F = Levels seen in this place.
 G = Mean time per level.
                   A        B        C        D        E       F      G
               +--------+--------+--------+--------+--------+-----+--------+
         Total |   5483 |   5425 |     58 |   1020 |   3520 |   6 |  913.8 |
       Dungeon |   5483 |   5425 |     58 |   1020 |   3520 |   6 |  913.8 |
               +--------+--------+--------+--------+--------+-----+--------+

Top non-repeatable levels by time:
     D:5: 1330 daAuts
     D:4: 1290 daAuts
     D:6: 1136 daAuts
     D:3: 677 daAuts
     D:1: 603 daAuts
     D:2: 445 daAuts
